 Dungeon Crawl Stone Soup version 0.20.1-1-g8b1a95d (webtiles) character file.

1677069 NoNouf the Slayer (level 27, 354/354 HPs)
             Began as an Ogre Hunter on July 22, 2017.
             Was a High Priest of Qazlal.
             Escaped with the Orb
             ... and 3 runes on July 26, 2017!
             The game lasted 14:23:55 (77421 turns).

NoNouf the Slayer (Ogre Hunter)                    Turns: 77421, Time: 14:23:55

Health: 354/354    AC: 29    Str: 33    XL:     27
Magic:  47/47      EV: 32    Int: 16    God:    Qazlal [*****.]
Gold:   5894       SH:  6    Dex: 18    Spells: 23/46 levels left

rFire    + + +     SeeInvis +   N - +8 glaive of the Guard {elec, +Rage AC+5 SInv}
rCold    + + .     Gourm    .   (shield currently unavailable)
rNeg     + + .     Faith    .   H - +7 faerie dragon scales {*Contam rF+ rC+ rCorr Str+3}
rPois    +         Spirit   .   (helmet restricted)
rElec    +         Reflect  .   m - +4 dragonskin cloak
rCorr    +         Harm     .   (gloves unavailable)
MR       +++..     Rnd*Tele +   (boots unavailable)
Stlth    +.........             d - macabre finger necklace {rN+}
Regen    0.7/turn               V - ring of protection from fire
MPRegen  0.3/turn               i - ring "Dora" {+Blink rElec MP+9 EV+5 Dex+2}
                                I - ring "Raemaus" {MR+ Str+6}

@: repel missiles
A: unfitting armour, rugged brown scales 1, thin skeletal structure 1, robust 1,
electricity resistance, teleportitis 1, tough skin 1, wild magic 1, sturdy frame
1
0: Orb of Zot
}: 3/15 runes: serpentine, barnacled, silver
a: Upheaval, Elemental Force, Disaster Area, Renounce Religion, Evoke Blink,
Evoke Berserk Rage


You escaped.
You worshipped Qazlal.
Qazlal was extremely pleased with you.
You were not hungry.

You visited 11 branches of the dungeon, and saw 53 of its levels.
You visited the Abyss 1 time.
You also visited: Labyrinth, Bailey and Ice Cave.

You collected 9021 gold pieces.
You spent 3127 gold pieces at shops.

Inventory:

Hand Weapons
 N - the +8 glaive of the Guard (weapon) {elec, +Rage AC+5 SInv}
   (You bought it in a shop on level 4 of the Snake Pit)

   Occasionally, upon striking a foe, it will discharge some electrical energy
   and cause terrible harm.
   It affects your AC (+5).
   It lets you see invisible.
   It lets you go berserk.
Missiles
 A - a throwing net
 D - 111 large rocks (quivered)
Armour
 m - the +4 dragonskin cloak (worn)
   (You took it off Tiamat on level 3 of the Realm of Zot)
 s - a +2 cloak of cold resistance
 H - the +7 faerie dragon scales (worn) {*Contam rF+ rC+ rCorr Str+3}
   (You took it off the Enchantress on level 2 of the Depths)

   It affects your strength (+3).
   It protects you from fire.
   It protects you from cold.
   It causes magical contamination when unequipped.
   It protects you from acid and corrosion.
Jewellery
 c - an uncursed amulet of the gourmand
 d - the macabre finger necklace (around neck) {rN+}
   (You took it off a deep elf master archer on level 3 of the Elven Halls)

   [amulet of nothing]

   It protects you from negative energy.
 e - a +5 ring of slaying
 i - the ring "Dora" (right hand) {+Blink rElec MP+9 EV+5 Dex+2}
   (You bought it in a shop on level 2 of the Orcish Mines)

   [ring of evasion]

   It affects your evasion (+5).
   It affects your dexterity (+2).
   It insulates you from electricity.
   It affects your magic capacity (+9).
   It lets you blink.
 j - an uncursed ring of positive energy
 I - the ring "Raemaus" (on amulet) {MR+ Str+6}
   (You took it off a deep elf demonologist on level 2 of the Elven Halls)

   [ring of protection from magic]

   It affects your strength (+6).
   It affects your resistance to hostile enchantments.
 T - an uncursed ring of protection from magic
 V - a ring of protection from fire (left hand)
 W - an uncursed ring of protection from magic
Wands
 g - a wand of lightning (10/15)
 z - a wand of digging (8/24)
 E - a wand of acid (8/15)
 S - a wand of iceblast (5/15)
Scrolls
 a - 3 scrolls of summoning
 l - a scroll of enchant weapon
 n - 5 scrolls of fear
 o - 9 scrolls of identify
 q - 24 scrolls of teleportation
 r - 16 scrolls of remove curse
 C - a scroll of fog
 G - a scroll of holy word
 O - 2 scrolls of amnesia
 U - 2 scrolls of silence
 Y - 3 scrolls of blinking
Potions
 k - 3 potions of mutation
 u - a potion of resistance
 w - a potion of brilliance
 x - 2 potions of cancellation
 Q - 15 potions of curing
Miscellaneous
 p - a fan of gales
 t - a lightning rod (4/4)
 M - a lamp of fire
Comestibles
 b - 20 fruits
 f - 25 bread rations
 h - 17 meat rations
 F - 20 royal jellies


   Skills:
 - Level 25.0 Fighting
   Level 0.1 Long Blades
 - Level 19.0 Polearms
 - Level 4.2 Throwing
 - Level 15.0 Armour
 + Level 23.0 Dodging
 - Level 0.6 Stealth
   Level 0.6 Shields
 - Level 10.0 Spellcasting
 - Level 3.4 Conjurations
 - Level 13.0 Transmutations
 - Level 2.0 Air Magic
 - Level 12.0 Earth Magic
 - Level 22.0 Invocations
 - Level 12.0 Evocations


You had 23 spell levels left.
You knew the following spells:

 Your Spells              Type           Power        Failure   Level  Hunger
a - Conjure Flame         Conj/Fire      ###.....     21%         3    None
b - Statue Form           Tmut/Erth      ######...    13%         6    ######.
c - Ozocubu's Armour      Chrm/Ice       ##......     36%         3    None
d - Swiftness             Chrm/Air       ##......     14%         2    None
e - Petrify               Tmut/Erth      ######..     1%          4    ###....
f - Lee's Rapid Deconstr  Erth           ######....   3%          5    #####..


Dungeon Overview and Level Annotations

Branches:
Dungeon (15/15)            Temple (0/1) D:7            Lair (6/6) D:9
 Shoals (4/4) Lair:4        Snake (4/4) Lair:4        Slime (1/5) Lair:6
    Orc (2/2) D:12            Elf (3/3) Orc:2        Vaults (5/5) D:13
  Crypt (3/3) Vaults:3       Tomb (0/3) Crypt:3      Depths (5/5) D:15
    Zot (5/5) Depths:5

Altars:
Ashenzari
Cheibriados
Dithmenos
Fedhas
Gozag
Kikubaaqudgha
Makhleb
Qazlal
Ru
Sif Muna
Xom
Yredelemnul
Zin
Beogh
Jiyva

Shops:
D:9 (   D:15 *([*[   Orc:1 (   Orc:2 =:[(%=([}   Elf:2 [   Snake:1 !*
Snake:4 (   Vaults:1 [   Vaults:5 ???   Depths:1 *

Portals:
Hell: Depths:1 Depths:2 Depths:3 Depths:4 Depths:5
Abyss: Depths:1 Depths:3 Depths:4
Pandemonium: Depths:1 Depths:2 Depths:3
Ziggurat: Depths:3

Annotations:
Snake:1 1 runed door, 1 exclusion
Depths:3 exclusions: eye of devastation, 2 great orbs of eyes and 1 more exclusion


Innate Abilities, Weirdness & Mutations

You are too large for most types of armour.
You have tough skin. (AC +1)
You are partially covered in rugged brown scales. (AC +1, +3% HP)
You have a somewhat thin skeletal structure. (Dex +2, Stealth)
You are robust. (+10% HP)
You are resistant to electric shocks. (rElec)
You are occasionally teleported next to monsters.
Your spells are a little harder to cast, but a little more powerful.
Your movements are slightly less encumbered by armour. (ER -2)


Message History

The hellephant breathes flames at you. The blast of flame misses you.
There is a stone staircase leading up here.
There is a stone staircase leading up here.
The hellephant breathes flames at you.
You hear a sizzling sound!
You climb upwards.
There is a stone staircase leading down here.
Unknown command.
You see here a club.
Evoke which item? (* to show all) (? for menu, Esc to quit)
Aiming: Dig
Press: ? - help, Shift-Dir - straight line The rock shatters into small pieces.
This wand has 8 charges left.
There is an escape hatch in the ceiling here.
A mysterious force pulls you upwards. The hatch slams shut behind you.
Unknown command.
There is an open door here.
There is a staircase leading out of the dungeon here.
You have escaped!

.....#.####..# #.....##
.............### ####).....#
.......#####...# #.))......#
.............#.# #.##......#
..##....######'###'##.######
..##....# #≈.≈≈≈.§#.#
(.##....#####§≈.§.≈≈#.#
..##........#≈§..§§≈#.#
.###....###...≈.@.§...#
....(...# ###≈≈..§≈≈###
####....# #≈≈.§.§≈#
###....#####≈§≈≈≈.≈#
#..........##'###+##
#.....####........# #....##
########## #....# #....#


There were no monsters in sight!

Vanquished Creatures
  Tiamat (Zot:3)
  5 orbs of fire (Zot:5)
  Mara (Shoals:2)
  3 ancient liches
  A greater mummy (Crypt:3)
  Margery (Vaults:3)
  5 caustic shrikes
  8 Killer Klowns
  the Enchantress (Depths:2)
  Nikola (Depths:2)
  2 bone dragons
  7 golden dragons
  A profane servitor (Crypt:2)
  2 electric golems
  A hellephant (Zot:5)
  Jorgrun (Crypt:3)
  9 tentacled monstrosities
  6 liches
  25 Orb Guardians
  2 deep elf blademasters
  10 quicksilver dragons
  2 deep elf master archers (Elf:3)
  7 titans
  Polyphemus (Shoals:3)
  5 death cobs
  An Executioner (D:3)
  A kraken (Shoals:2)
  6 ancient champions
  6 sphinxes
  6 tengu reavers
  2 draconian monks
  10 shadow dragons
  11 nagarajas (Snake:4)
  7 revenants
  18 storm dragons
  Donald (Snake:1)
  Ilsuiw (Shoals:4)
  The ghost of Inarius the Black Sun, an adept DsNe of Kikubaaqudgha (Snake:2)
  12 fire giants
  Roxanne (Shoals:3)
  5 deep elf sorcerers
  3 iron dragons
  7 frost giants
  Louise (Elf:1)
  5 draconian knights
  15 vault wardens
  5 draconian scorchers
  2 ghost moths (Zot:5)
  Aizul (Vaults:4)
  6 deep elf elementalists
  5 draconian stormcallers
  A warmonger (Zot:5)
  7 ghouls
  An orc warlord (Orc:2)
  3 spriggan defenders (Depths:2)
  A balrug (Depths:1)
  3 large abominations
  4 draconian shifters
  3 curse skulls
  3 war gargoyles
  10 ironheart preservers
  2 reapers
  27 stone giants
  10 very ugly things
  6 vampire knights
  2 draconian annihilators (Zot:4)
  Nessos (D:14)
  8 green draconians
  14 deep elf demonologists
  2 black draconians
  5 white draconians
  A dire elephant (Lair:6)
  10 spark wasps
  10 deep elf annihilators
  5 red draconians
  9 yellow draconians
  23 purple draconians
  17 ettins
  14 deep elf death magi
  6 eidola
  7 merfolk impalers
  Snorg (D:14)
  A minotaur (Lab)
  10 fire dragons
  6 merfolk javelineers
  34 yaktaur captains
  2 blizzard demons (IceCv)
  10 great orbs of eyes
  8 deep elf high priests
  A quicksilver dragon skeleton (Crypt:1)
  5 jiangshi
  5 mummy priests (Crypt:3)
  10 ice dragons
  5 rakshasas
  2 monstrous demonspawn
  30 vault guards
  A hell beast (Depths:3)
  19 naga warriors
  Erolcha (Orc:2)
  7 anacondas
  11 merfolk aquamancers
  23 centaur warriors
  18 hydras
  3 merfolk avatars
  2 spriggan air magi
  4 catoblepae
  40 two-headed ogres
  14 death yaks
  2 satyrs
  28 dancing weapons
  11 deep troll shamans
  6 death knights
  13 deep troll earth magi
  11 ogre magi
  5 tengu warriors
  3 vampire magi
  12 naga sharpshooters
  7 spriggan berserkers
  11 shock serpents
  4 small abominations
  7 soul eaters
  2 hell hogs (Depths:5)
  21 deep elf knights
  An orc high priest (Elf:1)
  4 hell knights
  6 shadow wraiths
  An iron troll (shapeshifter) (Vaults:5)
  A titan skeleton (Vaults:4)
  3 salamander mystics
  3 iron trolls
  A sea snake (shapeshifter) (Vaults:5)
  25 skeletal warriors
  2 sixfirhies
  2 infernal demonspawn
  A gelid demonspawn (Zot:5)
  A death drake (Zot:4)
  7 sea snakes
  A torturous demonspawn (Depths:3)
  7 naga ritualists
  A death drake (shapeshifter) (Vaults:5)
  4 unseen horrors
  3 swamp dragons (Zot:4)
  7 wizards
  14 flayed ghosts
  2 deep trolls (shapeshifter)
  36 deep trolls
  5 glowing orange brains
  A tengu zombie (Depths:4)
  An orange crystal statue (Depths:2)
  25 deep elf archers
  9 necromancers
  14 phantasmal warriors
  A lindwurm (shapeshifter) (D:15)
  8 wolf spiders
  20 orc knights
  A lindwurm (Lair:6)
  Pikel (D:7)
  An anaconda skeleton (Crypt:1)
  6 mana vipers
  A stone giant zombie (Vaults:2)
  18 harpies
  25 ironbrand convokers
  A sphinx zombie (Depths:4)
  A shadow dragon skeleton (Crypt:1)
  3 tengu skeletons
  7 cyclopes
  50 ugly things
  71 deep elf magi
  15 manticores
  6 fauns
  6 orc sorcerers
  An oklob plant (D:14)
  14 salamanders
  2 frost giant zombies
  A spriggan zombie (Depths:2)
  2 frost giant skeletons
  9 elephants
  7 moths of wrath
  5 guardian serpents
  A titan simulacrum (Crypt:1)
  2 fire giant skeletons
  Psyche (D:9)
  36 black mambas
  An ice statue (IceCv)
  An eye of devastation (shapeshifter) (Vaults:4)
  15 vault sentinels
  17 naga magi
  5 water nymphs
  2 torpor snails (Lair:6)
  3 gargoyles
  8 merfolk sirens
  A dire elephant zombie (Crypt:2)
  A pale draconian zombie (Crypt:2)
  18 spiny frogs
  A death yak zombie (Crypt:1)
  An orange demon (D:12)
  64 yaktaurs
  A rime drake (shapeshifter) (Vaults:4)
  13 komodo dragons
  A yaktaur (shapeshifter) (Vaults:1)
  A kobold demonologist (D:14)
  11 freezing wraiths
  3 rime drakes
  A catoblepas zombie (Crypt:1)
  10 ice devils
  A golden dragon simulacrum (IceCv)
  5 anaconda simulacra
  36 guardian mummies
  5 tengu conjurers
  9 trolls
  A komodo dragon (shapeshifter) (D:15)
  A red draconian skeleton (Crypt:2)
  3 meliai (D:15)
  2 red devils
  A troll (shapeshifter) (Vaults:4)
  29 merfolk
  3 polar bears (shapeshifter)
  2 merfolk (shapeshifter)
  A wind drake (shapeshifter) (Vaults:5)
  5 wind drakes
  2 polar bears
  A tengu simulacrum (Vaults:4)
  9 hornets
  A hornet (shapeshifter) (Depths:4)
  8 snapping turtles
  An ice dragon zombie (Crypt:1)
  5 dream sheep
  2 raiju (shapeshifter)
  16 blink frogs
  34 slime creatures
  7 bog bodies
  11 hippogriffs
  4 flying skulls (Crypt:2)
  Sigmund (D:3)
  5 air elementals
  A fire dragon zombie (Crypt:1)
  9 spriggans
  26 water elementals
  A ynoxinul (Depths:3)
  A fire dragon skeleton (Crypt:1)
  2 wyverns
  A dire elephant simulacrum (IceCv)
  9 ushabtiu (Crypt:3)
  3 shadows
  11 wraiths
  2 steam dragons
  36 yaks
  2 yaks (shapeshifter)
  7 basilisks
  A redback (Lab)
  3 fire elementals (Elf:1)
  5 vampire mosquitoes
  A neqoxec (Depths:3)
  4 hungry ghosts
  6 wargs
  3 iron troll simulacra (IceCv)
  60 nagas
  3 harpy simulacra (IceCv)
  A soldier ant (D:12)
  5 hell hounds (Depths:5)
  3 acid dragons
  A water nymph zombie (Crypt:3)
  6 hydra simulacra (IceCv)
  2 acid dragons (shapeshifter)
  20 water moccasins
  A deep troll skeleton (Vaults:2)
  A monstrous demonspawn skeleton (Crypt:1)
  An eye of draining (shapeshifter) (Vaults:4)
  A porcupine (shapeshifter) (Depths:3)
  3 eyes of draining
  A merfolk skeleton (Crypt:2)
  4 slaves
  A spiny frog skeleton (Crypt:1)
  6 ice beasts
  4 sky beasts
  A lindwurm zombie (Crypt:3)
  An alligator simulacrum (IceCv)
  66 orc warriors
  A black bear (shapeshifter) (Vaults:1)
  4 necrophages
  An ettin simulacrum (IceCv)
  4 black bears
  5 porcupines
  17 boggarts
  42 wolves
  43 centaurs
  38 ogres
  A phantom (D:4)
  A wolf (shapeshifter) (Vaults:3)
  A swamp dragon zombie (Crypt:1)
  11 crocodiles
  Blork the orc (D:11)
  A hog skeleton (Crypt:3)
  5 big kobolds
  3 earth elementals
  20 bullfrogs
  A gnoll sergeant (D:10)
  3 water moccasin zombies (D:7)
  A cyclops zombie (Crypt:2)
  An elf skeleton (Crypt:2)
  6 human skeletons
  7 scorpions
  A wyvern skeleton (D:14)
  13 killer bees
  An elephant simulacrum (IceCv)
  9 wights
  A howler monkey (D:5)
  A spriggan skeleton (Crypt:3)
  2 electric eels
  11 crimson imps
  3 bullfrog zombies
  A draconian simulacrum (IceCv)
  2 quasits
  A basilisk zombie (Crypt:2)
  A black bear zombie (Crypt:1)
  2 bullfrog skeletons
  4 centaur zombies
  7 hounds
  20 orc priests
  7 centaur skeletons
  A human zombie (Crypt:1)
  A jelly (shapeshifter) (Depths:5)
  4 jellies
  5 iguanas
  2 iron imps
  28 orc wizards
  10 worker ants
  11 hell rats
  A polar bear simulacrum (IceCv)
  A spriggan simulacrum (IceCv)
  7 troll simulacra (IceCv)
  A bullfrog simulacrum (D:8)
  A centaur simulacrum (D:8)
  An ogre skeleton (Crypt:3)
  2 hound zombies
  9 mummies
  A worker ant zombie (Crypt:2)
  14 gnolls
  31 adders
  A naga simulacrum (IceCv)
  7 shadow imps
  9 white imps
  16 ufetubi
  3 oozes
  A lava snake zombie (Crypt:2)
  3 adder skeletons
  A worm (D:2)
  3 dart slugs
  An adder simulacrum (D:8)
  5 leopard geckos
  170 orcs
  7 giant cockroaches
  7 goblins
  8 hobgoblins
  12 jackals
  5 quokkas
  2 ball pythons
  6 bats
  4 frilled lizards
  A jackal skeleton (D:7)
  18 kobolds
  A leopard gecko skeleton (D:9)
  A quokka skeleton (D:9)
  3 rats (D:1)
  A rat skeleton (Crypt:1)
  A bush (Lair:5)
  4 crawling corpses
  A fungus (Elf:3)
  5 plants
  3 tentacles (Shoals:2)
2851 creatures vanquished.

Vanquished Creatures (collateral kills)
  A nagaraja (Snake:2)
  A catoblepas (Lair:6)
  2 two-headed ogres (Vaults:2)
  A death yak (Lair:6)
  A naga sharpshooter (Snake:4)
  2 salamanders (Snake:4)
  A black mamba (Snake:4)
  A naga mage (Snake:4)
  A yak (Lair:6)
  4 nagas (Snake:4)
  An orc warrior (Bailey)
  An ogre (Orc:2)
  An orc (Bailey)
  A plant (Lair:6)
19 creatures vanquished.

Vanquished Creatures (others)
  A frost giant (Depths:4)
  A deep elf elementalist (Vaults:5)
  A yaktaur captain (Vaults:5)
  A hydra (Lair:6)
  An ice dragon (Depths:1)
  A centaur warrior (Depths:1)
  A deep elf knight (Elf:2)
  A deep troll (Vaults:5)
  A shadow wraith (Vaults:3)
  2 wizards
  2 deep elf magi
  A water elemental (Elf:1)
  An orc warrior (Vaults:5)
  An ogre (Vaults:5)
  A bullfrog (D:14)
  A hell rat (Lair:6)
  A ball lightning (Zot:5)
  2 crawling corpses (Vaults:5)
  12 fungi
  10 plants
  3 tentacles (Shoals:2)
  A withered plant (Shoals:3)
47 creatures vanquished.

Grand Total: 2917 creatures vanquished

Notes
Turn   | Place    | Note
-------+----------+-------------------------------------------
     0 | D:1      | NoNouf the Ogre Hunter began the quest for the Orb.
     0 | D:1      | Reached XP level 1. HP: 22/22 MP: 1/1
    58 | D:1      | Reached skill level 3 in Fighting
   344 | D:1      | Reached XP level 2. HP: 31/31 MP: 2/2
   876 | D:2      | Reached XP level 3. HP: 3/39 MP: 3/3
  1424 | D:2      | Reached skill level 4 in Fighting
  1652 | D:2      | Reached XP level 4. HP: 49/49 MP: 4/4
  2356 | D:3      | Found a sacrificial altar of Ru.
  2537 | D:3      | Reached skill level 5 in Fighting
  2537 | D:3      | Reached XP level 5. HP: 29/57 MP: 5/5
  3174 | D:3      | Noticed Sigmund
  3184 | D:3      | Killed Sigmund
  3184 | D:3      | Reached skill level 6 in Fighting
  3184 | D:3      | Reached XP level 6. HP: 65/68 MP: 6/6
  3372 | D:3      | Reached skill level 7 in Fighting
  3870 | D:4      | Noticed a phantom
  3879 | D:4      | Reached XP level 7. HP: 65/78 MP: 7/7
  4341 | D:5      | Entered Level 5 of the Dungeon
  4512 | D:5      | Reached skill level 8 in Fighting
  4703 | D:5      | Found an ancient bone altar of Kikubaaqudgha.
  4703 | D:5      | Found a blossoming altar of Fedhas.
  4726 | D:5      | Found a shattered altar of Ashenzari.
  4741 | D:5      | Reached skill level 5 in Dodging
  4741 | D:5      | Reached skill level 1 in Evocations
  5001 | D:5      | Found a shattered altar of Ashenzari.
  5015 | D:5      | Reached XP level 8. HP: 59/88 MP: 9/9
  5160 | D:5      | Found a shimmering altar of Xom.
  5162 | D:5      | Found a snail-covered altar of Cheibriados.
  5433 | D:6      | Got a shadowed robe
  5444 | D:6      | Identified the +0 robe "Hovimniw" {+Blink rCorr Str+3} (You found it on level 6 of the Dungeon)
  6456 | D:7      | Found an ancient bone altar of Kikubaaqudgha.
  6550 | D:7      | Noticed Pikel
  6827 | D:6      | HP: 4/88 [slave[Pikel] (6)]
  8028 | D:7      | Killed Pikel
  8028 | D:7      | Reached XP level 9. HP: 41/96 MP: 11/11
  8421 | D:7      | Found a stormy altar of Qazlal.
  8427 | D:7      | Became a worshipper of Qazlal Stormbringer
  8738 | D:7      | Found a staircase to the Ecumenical Temple.
  9378 | D:8      | Found a basalt altar of Yredelemnul.
 10397 | D:8      | Noticed a polar bear
 10841 | D:8      | Got a crude spear
 10842 | D:8      | Identified the +10 spear "Atopleinatz" {venom, rF- Int+5 Dex+4 Stlth+} (You found it on level 8 of the Dungeon)
 10906 | D:8      | Reached skill level 1 in Polearms
 11035 | D:8      | Reached * piety under Qazlal
 11152 | D:8      | Reached XP level 10. HP: 97/104 MP: 13/13
 11259 | D:8      | Reached skill level 5 in Polearms
 11518 | D:8      | Found a burning altar of Makhleb.
 12022 | D:9      | Found an opulent altar of Gozag.
 12121 | D:9      | Found Wacesein's Weapon Emporium.
 12238 | D:9      | Found a staircase to the Lair.
 12240 | D:9      | Noticed an elephant
 12267 | D:9      | Killed an elephant
 12287 | D:9      | Reached ** piety under Qazlal
 12294 | D:9      | Noticed Psyche
 12300 | D:9      | Killed Psyche
 12534 | D:9      | Found a glowing silver altar of Zin.
 12731 | D:10     | Entered Level 10 of the Dungeon
 13057 | D:10     | Gained mutation: You are partially covered in rugged brown scales. (AC +1, +3% HP) [mutagenic meat]
 13058 | D:10     | Gained mutation: You have a pair of small antennae on your head. [mutagenic meat]
 13059 | D:10     | Gained mutation: You are partially covered in large bone plates. (SH +4) [mutagenic meat]
 13110 | D:10     | Killed an unseen horror
 13110 | D:10     | Reached skill level 10 in Polearms
 13110 | D:10     | Reached XP level 11. HP: 83/114 MP: 14/14
 13135 | D:10     | Noticed a two-headed ogre
 13559 | D:10     | Killed a two-headed ogre
 13617 | D:10     | Noticed a two-headed ogre
 13638 | D:10     | Killed a two-headed ogre
 13794 | D:10     | Noticed a deep elf mage
 13817 | D:10     | Killed a deep elf mage
 13966 | D:10     | Reached *** piety under Qazlal
 14100 | Lair:1   | Entered Level 1 of the Lair of Beasts
 14458 | Lair:1   | Reached skill level 1 in Invocations
 14948 | Lair:1   | Reached skill level 5 in Invocations
 15180 | Lair:2   | Reached XP level 12. HP: 111/122 MP: 15/17
 15222 | Lair:2   | Noticed a six-headed hydra
 15403 | Lair:2   | Killed a six-headed hydra
 15542 | Lair:2   | Reached **** piety under Qazlal
 15589 | Lair:2   | Reached skill level 9 in Fighting
 15807 | Lair:2   | Noticed a five-headed hydra
 15815 | Lair:2   | Killed a five-headed hydra
 15828 | Lair:2   | Reached skill level 10 in Fighting
 15952 | Lair:2   | Noticed a catoblepas
 15992 | Lair:2   | Killed a catoblepas
 16063 | Lair:2   | Reached skill level 11 in Fighting
 16106 | Lair:2   | Got a wizard robe
 16107 | Lair:2   | Identified the +1 robe "Mangin Oteept" {rElec rC+} (You found it on level 2 of the Lair of Beasts)
 16525 | Lair:2   | Reached skill level 12 in Fighting
 16910 | Lair:3   | Noticed an eight-headed hydra
 17108 | Lair:3   | Noticed an eight-headed hydra
 17115 | Lair:3   | Killed an eight-headed hydra
 17146 | Lair:3   | Reached skill level 13 in Fighting
 17185 | Lair:3   | Learned a level 3 spell: Conjure Flame
 17228 | Lair:3   | Killed an eight-headed hydra
 17228 | Lair:3   | Reached skill level 1 in Spellcasting
 17228 | Lair:3   | Reached skill level 1 in Conjurations
 17270 | Lair:3   | Reached XP level 13. HP: 104/148 MP: 19/19
 17759 | Lair:3   | Learned a level 6 spell: Statue Form
 18043 | Lair:4   | Reached skill level 1 in Transmutations
 18135 | Lair:4   | Reached skill level 1 in Earth Magic
 18313 | Lair:4   | Found a staircase to the Snake Pit.
 18464 | Lair:4   | Reached skill level 5 in Spellcasting
 18636 | Lair:4   | Found a staircase to the Shoals.
 19048 | Lair:5   | Found a dark tunnel.
 19425 | Lair:5   | Reached ***** piety under Qazlal
 20190 | Lair:6   | Entered Level 6 of the Lair of Beasts
 20776 | Lair:5   | Reached XP level 14. HP: 83/157 MP: 25/25
 20784 | Lair:5   | Reached skill level 5 in Transmutations
 20926 | Lair:5   | Reached skill level 5 in Earth Magic
 21433 | Lair:6   | Found a viscous altar of Jiyva.
 21433 | Lair:6   | Found a staircase to the Slime Pits.
 21439 | Slime:1  | Entered Level 1 of the Pits of Slime
 22198 | Lair:6   | Noticed a dire elephant
 22223 | Lair:6   | Killed a dire elephant
 22518 | Lair:6   | Got a crude halberd
 22519 | Lair:6   | Identified the +7 halberd of Immorality {holy, rF+ Str+2} (You found it on level 6 of the Lair of Beasts)
 24188 | D:11     | Learned a level 3 spell: Ozocubu's Armour
 24427 | D:11     | Noticed Blork the orc
 24441 | D:11     | Killed Blork the orc
 24452 | D:11     | Found a deep blue altar of Sif Muna.
 24922 | D:12     | Reached ****** piety under Qazlal
 25047 | D:12     | Found a roughly hewn altar of Beogh.
 25048 | D:12     | Found a staircase to the Orcish Mines.
 25105 | D:12     | Reached XP level 15. HP: 129/163 MP: 14/26
 25878 | Orc:1    | Entered Level 1 of the Orcish Mines
 26237 | Orc:1    | Found Jumug's Antique Weapon Shoppe.
 26429 | Orc:2    | Entered Level 2 of the Orcish Mines
 26429 | Orc:2    | Found a staircase to the Elven Halls.
 26601 | Orc:2    | Noticed Erolcha
 26603 | Orc:2    | Cast into level 2 of the Abyss (Erolcha)
 26603 | Abyss:2  | Found a corrupted altar of Lugonu.
 26640 | Orc:2    | Escaped the Abyss
 26657 | Orc:2    | Killed Erolcha
 26764 | Orc:2    | Found a labyrinth entrance.
 26871 | Lab      | Entered a labyrinth
 27157 | Orc:2    | Found Xehoytz's Jewellery Boutique.
 27197 | Orc:2    | Noticed an orc warlord
 27242 | Orc:2    | Killed an orc warlord
 27625 | Orc:2    | Gained mutation: You are frail. (-10% HP) [a neqoxec]
 27631 | Orc:2    | Lost mutation: You are frail. (-10% HP) [potion of mutation]
 27631 | Orc:2    | Lost mutation: You are partially covered in large bone plates. (SH +4) [potion of mutation]
 27631 | Orc:2    | Gained mutation: Your flesh is cold resistant. (rC+) [potion of mutation]
 27680 | Orc:2    | Bought an uncursed ring of protection from magic for 275 gold pieces
 27680 | Orc:2    | Bought the ring "Dora" {+Blink rElec MP+9 EV+5 Dex+2} for 1090 gold pieces
 27753 | Orc:2    | Paralysed by an orc sorcerer for 5 turns
 27916 | Orc:2    | Found a roughly hewn altar of Beogh.
 27932 | Orc:2    | Found Guggurui's Book Emporium.
 27982 | Orc:2    | Found a roughly hewn altar of Beogh.
 28141 | Orc:2    | Found a roughly hewn altar of Beogh.
 28164 | Orc:2    | Found Rott's Jewellery Shoppe.
 28169 | Orc:2    | Bought an uncursed ring of see invisible for 165 gold pieces
 28282 | Orc:2    | Found Waaqeed's Food Shoppe.
 28320 | Orc:2    | Found Biakeplu's Antique Armour Emporium.
 28328 | Orc:2    | Bought a large shield for 126 gold pieces
 28349 | Orc:2    | Found Govouvo's Antique Weapon Shoppe.
 28523 | Orc:2    | Found a roughly hewn altar of Beogh.
 28524 | Orc:2    | Found Miosch's Gadget Boutique.
 28630 | Orc:2    | Found Bofod's Antique Armour Shoppe.
 28631 | Orc:2    | Found a roughly hewn altar of Beogh.
 28634 | Orc:2    | Found Taboduff's Antique Weapon Emporium.
 28736 | Orc:2    | Bought a blackened spear for 168 gold pieces
 28736 | Orc:2    | Identified the +1 spear of Diqerul {elec, +Blink} (You bought it in a shop on level 2 of the Orcish Mines)
 28921 | D:13     | Reached skill level 10 in Transmutations
 28975 | D:13     | Reached skill level 10 in Earth Magic
 29218 | D:13     | Reached skill level 1 in Armour
 29531 | D:13     | Found a gate to the Vaults.
 30398 | D:14     | Found a flagged portal.
 30409 | Bailey   | Entered a bailey
 30645 | Bailey   | Identified a scroll of acquirement
 30646 | Bailey   | Got fine steam dragon scales
 30657 | Bailey   | Identified the +2 steam dragon scales "Qout" {+Blink Str+4 Dex-3} (You acquired it in a bailey)
 30700 | Bailey   | Reached skill level 5 in Armour
 30955 | D:13     | Reached XP level 16. HP: 174/174 MP: 25/29
 31129 | D:14     | Found a shadowy altar of Dithmenos.
 31139 | D:14     | Noticed Snorg
 31164 | D:14     | Killed Snorg
 31387 | D:14     | Reached skill level 10 in Spellcasting
 31666 | D:14     | Noticed Nessos
 31694 | D:15     | Entered Level 15 of the Dungeon
 31694 | D:15     | Found Tuomyes's Assorted Antiques.
 31881 | D:15     | Gained mutation: Your muscles are strong. (Str +2) [mutagenic meat]
 31882 | D:15     | Gained mutation: You occasionally shout uncontrollably at your foes. [mutagenic meat]
 31883 | D:15     | Gained mutation: You have a somewhat thin skeletal structure. (Dex +2, Stealth) [mutagenic meat]
 31884 | D:15     | Gained mutation: Your mind is acute. (Int +2) [mutagenic meat]
 31885 | D:15     | Gained mutation: Scrolls take you a little longer to read. [mutagenic meat]
 31886 | D:15     | Lost mutation: You have a pair of small antennae on your head. [potion of mutation]
 31886 | D:15     | Lost mutation: Your flesh is cold resistant. (rC+) [potion of mutation]
 31886 | D:15     | Gained mutation: Your movements are slightly less encumbered by armour. (ER -2) [potion of mutation]
 31886 | D:15     | Gained mutation: You evolve. [potion of mutation]
 31926 | D:15     | Lost mutation: Scrolls take you a little longer to read. [evolution]
 32062 | D:15     | Found Guifal's Armour Emporium.
 32205 | D:14     | Killed Nessos
 32895 | D:15     | Found Ezadi's Weapon Shoppe.
 33540 | D:15     | Found Loodibae's Assorted Antiques.
 33548 | D:15     | Bought a shiny moonstone ring for 85 gold pieces
 33942 | D:15     | Gained mutation: Your flesh is cold resistant. (rC+) [evolution]
 34079 | D:15     | Found Arigaewn's Armour Boutique.
 34202 | D:15     | Found a staircase to the Depths.
 34210 | Depths:1 | Entered Level 1 of the Depths
 34655 | Snake:1  | Entered Level 1 of the Snake Pit
 34777 | Snake:1  | Found Jaufap's Distillery.
 34858 | Snake:1  | Found a frozen archway.
 34887 | Snake:1  | Found Kythro's Assorted Antiques.
 34903 | IceCv    | Entered an ice cave
 35109 | IceCv    | Reached XP level 17. HP: 116/181 MP: 29/31
 37655 | Snake:1  | Found a runed door.
 38105 | Snake:2  | Noticed Donald
 38105 | Snake:2  | Noticed Inarius's ghost (adept DsNe)
 38126 | Snake:1  | Killed Donald
 38853 | Snake:2  | Killed Inarius's ghost
 38867 | Snake:2  | Reached skill level 14 in Fighting
 40166 | Snake:4  | Entered Level 4 of the Snake Pit
 40176 | Snake:3  | Reached skill level 15 in Fighting
 40333 | Snake:4  | Found Bitaun's Weapon Shop.
 40366 | Snake:4  | Reached XP level 18. HP: 164/198 MP: 32/32
 40508 | Snake:4  | Reached skill level 16 in Fighting
 41251 | Snake:4  | Reached skill level 15 in Polearms
 42154 | Snake:4  | Got a serpentine rune of Zot
 42243 | Snake:4  | Bought the +8 glaive of the Guard {elec, +Rage AC+5 SInv} for 1010 gold pieces
 42945 | Vaults:1 | Entered Level 1 of the Vaults
 43163 | Vaults:1 | Gained mutation: Your muscles are very strong. (Str +4) [evolution]
 43189 | Vaults:1 | Reached skill level 17 in Fighting
 43372 | Vaults:1 | Reached XP level 19. HP: 210/215 MP: 33/33
 44045 | Vaults:1 | Found Onyd's Armour Boutique.
 44647 | Vaults:2 | Reached skill level 18 in Fighting
 45557 | Vaults:2 | Learned a level 2 spell: Swiftness
 45587 | Vaults:2 | Reached skill level 1 in Air Magic
 46349 | Vaults:2 | Reached skill level 10 in Invocations
 46683 | Vaults:3 | Noticed Margery
 46698 | Vaults:3 | Killed Margery
 46699 | Vaults:3 | Reached XP level 20. HP: 148/228 MP: 23/34
 47737 | Vaults:3 | Found a staircase to the Crypt.
 47737 | Vaults:3 | Found a basalt altar of Yredelemnul.
 47742 | Vaults:3 | Found an ancient bone altar of Kikubaaqudgha.
 48844 | Vaults:4 | Noticed Aizul
 48859 | Vaults:4 | Killed Aizul
 49156 | Vaults:4 | Reached XP level 21. HP: 215/236 MP: 23/35
 49302 | Vaults:4 | Reached skill level 10 in Armour
 49579 | Vaults:4 | Reached skill level 5 in Evocations
 49613 | Vaults:4 | Got an encrusted spear
 49614 | Vaults:4 | Identified the +5 spear of Biasyum {pierce, rElec} (You found it on level 4 of the Vaults)
 50566 | Shoals:1 | Entered Level 1 of the Shoals
 51591 | Shoals:2 | You fall through a shaft!
 52017 | Shoals:3 | Noticed Mara
 52025 | Shoals:3 | Noticed NoNouf's illusion
 52043 | Shoals:2 | Killed Mara
 52059 | Shoals:3 | Noticed Polyphemus
 52072 | Shoals:2 | Reached skill level 10 in Evocations
 52089 | Shoals:3 | Killed Polyphemus
 52417 | Shoals:4 | Entered Level 4 of the Shoals
 52524 | Shoals:3 | Noticed Roxanne
 52531 | Shoals:3 | Killed Roxanne
 52536 | Shoals:3 | Identified Roxanne's Disquisition on Transmutation (You took it off Roxanne on level 3 of the Shoals)
 52864 | Shoals:4 | Noticed Ilsuiw
 52875 | Shoals:4 | Reached XP level 22. HP: 199/246 MP: 12/36
 52891 | Shoals:4 | Killed Ilsuiw
 53294 | Shoals:4 | Got a barnacled rune of Zot
 53630 | Elf:1    | Entered Level 1 of the Elven Halls
 53812 | Elf:1    | Noticed Louise
 53822 | Elf:1    | Killed Louise
 53976 | Elf:1    | Reached skill level 10 in Dodging
 54711 | Elf:2    | Found Ygenuotu's Antique Armour Shoppe.
 55033 | Elf:2    | Lost mutation: You occasionally shout uncontrollably at your foes. [evolution]
 55258 | Elf:2    | Found a runed gate.
 55258 | Elf:2    | Found a runed gate.
 55260 | Elf:2    | Found a runed gate.
 55902 | Elf:3    | Entered Level 3 of the Elven Halls
 55987 | Elf:3    | Reached XP level 23. HP: 156/254 MP: 23/37
 56401 | Elf:2    | Got a brightly glowing ivory amulet
 56709 | Elf:3    | Gained mutation: You are frail. (-10% HP) [a neqoxec]
 56731 | Elf:3    | HP: 14/297 [reaper/scythe of venom[a ghostly deep elf demonologist] (13)]
 57176 | Elf:2    | Lost mutation: Your mind is acute. (Int +2) [potion of mutation]
 57176 | Elf:2    | Lost mutation: You evolve. [potion of mutation]
 57176 | Elf:2    | Lost mutation: You are frail. (-10% HP) [potion of mutation]
 57176 | Elf:2    | Lost mutation: Your muscles are very strong. (Str +4) [potion of mutation]
 57176 | Elf:2    | Lost mutation: Your flesh is cold resistant. (rC+) [potion of mutation]
 57176 | Elf:2    | Gained mutation: Your spells are a little harder to cast, but a little more powerful. [potion of mutation]
 57176 | Elf:2    | Gained mutation: You are somewhat resistant to further mutation. [potion of mutation]
 57176 | Elf:2    | Gained mutation: You have large cloven feet. [potion of mutation]
 57190 | Elf:2    | Got a fine ivory ring
 57259 | Elf:3    | Identified the amulet "Idoe" {+Rage Dex+4} (You took it off a deep elf death mage on level 2 of the Elven Halls)
 57261 | Elf:3    | Identified the ring "Raemaus" {MR+ Str+6} (You took it off a deep elf demonologist on level 2 of the Elven Halls)
 57352 | Elf:3    | Identified the Catalogue of Floating Stones
 57377 | Elf:3    | Reached skill level 15 in Dodging
 57507 | Elf:3    | Identified the Compendium of the Mountains and Enchantment
 58232 | Crypt:1  | Entered Level 1 of the Crypt
 59361 | Crypt:2  | Got a distressingly furry large shield
 59362 | Crypt:2  | Identified the +5 large shield of the Sky {rF+ rN+} (You acquired it on level 2 of the Crypt)
 59364 | Crypt:2  | Got a distressingly furry shield
 59365 | Crypt:2  | Identified the +4 shield of Magic {rPois MP+9 Str+4 Dex+4} (You acquired it on level 2 of the Crypt)
 59447 | Crypt:2  | Reached skill level 19 in Fighting
 59594 | Crypt:2  | Found a basalt altar of Yredelemnul.
 59611 | Crypt:2  | Identified the Compendium of Transmigration
 59646 | Crypt:2  | Reached XP level 24. HP: 228/270 MP: 37/37
 59988 | Crypt:2  | Reached skill level 20 in Fighting
 60371 | Crypt:3  | Entered Level 3 of the Crypt
 60788 | Crypt:3  | Found a staircase to the Tomb.
 60937 | Crypt:3  | Noticed Jorgrun
 60948 | Crypt:3  | Killed Jorgrun
 61116 | Crypt:3  | Noticed a greater mummy
 61135 | Crypt:3  | Killed a greater mummy
 61493 | Crypt:3  | Got a crude amber ring
 61494 | Crypt:3  | Identified the ring "Luopn" {*Corrode Int+6 Dex+3 Stlth-} (You found it on level 3 of the Crypt)
 61848 | Crypt:3  | Got a fine lajatang
 62461 | Depths:1 | Reached skill level 15 in Invocations
 63317 | Depths:1 | Found a gateway to Hell.
 63614 | Depths:1 | Found a one-way gate to the infinite horrors of the Abyss.
 63721 | Depths:1 | Learned a level 4 spell: Petrify
 63739 | Depths:1 | Found a one-way gate leading to the halls of Pandemonium.
 63785 | Depths:1 | Found Oschefupn's General Store.
 64107 | Depths:2 | Noticed the Enchantress
 64123 | Depths:2 | Killed the Enchantress
 64123 | Depths:2 | Reached XP level 25. HP: 280/280 MP: 29/37
 64143 | Depths:2 | Got faerie dragon scales
 64144 | Depths:2 | Identified the +7 faerie dragon scales {*Contam rF+ rC+ rCorr Str+3} (You took it off the Enchantress on level 2 of the Depths)
 64332 | Depths:2 | Noticed Nikola
 64342 | Depths:2 | Killed Nikola
 64717 | Depths:2 | Found a transporter.
 64733 | Depths:2 | Found a transporter.
 65218 | Depths:3 | Found a gateway to a ziggurat.
 65226 | Depths:3 | Paralysed by a floating eye for 2 turns
 65232 | Depths:3 | Paralysed by a floating eye for 4 turns
 65240 | Depths:3 | Paralysed by a floating eye for 4 turns
 66079 | Depths:4 | Paralysed by the power of Zot for 4 turns
 66448 | Depths:4 | Reached XP level 26. HP: 282/290 MP: 37/37
 66655 | Depths:3 | Paralysed by a floating eye for 3 turns
 67052 | Depths:4 | Reached skill level 15 in Armour
 67768 | Depths:5 | Entered Level 5 of the Depths
 68508 | Depths:5 | Found a gate to the Realm of Zot.
 68597 | Depths:5 | Got an uncursed jewelled spear {drain}
 68598 | Depths:5 | Identified the +5 spear "Soyculey" {drain, rElec Int+6} (You took it off a yaktaur captain on level 5 of the Depths)
 69509 | Vaults:5 | Entered Level 5 of the Vaults
 69535 | Vaults:4 | Reached XP level 27. HP: 246/299 MP: 17/37
 71097 | Vaults:5 | Noticed an ancient lich
 71104 | Vaults:5 | Killed an ancient lich
 71642 | Vaults:5 | Got a silver rune of Zot
 71847 | Vaults:5 | Noticed an ancient lich
 71858 | Vaults:5 | Killed an ancient lich
 71872 | Vaults:5 | Reached skill level 21 in Fighting
 72274 | Vaults:5 | Found Giobrutoum's Magic Scroll Boutique.
 72278 | Vaults:5 | Bought a scroll of teleportation for 48 gold pieces
 72278 | Vaults:5 | Bought a scroll of identify for 32 gold pieces
 72278 | Vaults:5 | Bought a scroll of identify for 32 gold pieces
 72278 | Vaults:5 | Bought a scroll of teleportation for 48 gold pieces
 72278 | Vaults:5 | Bought a scroll of teleportation for 48 gold pieces
 72601 | Vaults:5 | Found Olosmipn's Magic Scroll Shop.
 72601 | Vaults:5 | Found Relav's Magic Scroll Shoppe.
 73106 | Depths:5 | Reached skill level 22 in Fighting
 73494 | Zot:1    | Entered Level 1 of the Realm of Zot
 73712 | Zot:1    | Reached skill level 23 in Fighting
 74083 | Zot:1    | Reached skill level 24 in Fighting
 74336 | Zot:4    | Reached skill level 25 in Fighting
 74361 | Zot:4    | Identified the Catalogue of the Floating Rocks
 74369 | Zot:4    | Learned a level 5 spell: Lee's Rapid Deconstruction
 74450 | Zot:4    | Noticed Tiamat
 74883 | Zot:3    | Killed Tiamat
 75508 | Zot:5    | Entered Level 5 of the Realm of Zot
 75508 | Zot:5    | Noticed an orb of fire
 75622 | Zot:5    | Killed an orb of fire
 75676 | Zot:5    | Noticed an ancient lich
 75701 | Zot:5    | Killed an ancient lich
 75865 | Zot:5    | Noticed an orb of fire
 75877 | Zot:5    | Gained mutation: You have a pair of small antennae on your head. [an orb of fire]
 75890 | Zot:5    | Gained mutation: You occasionally shout uncontrollably at your foes. [an orb of fire]
 75899 | Zot:5    | Killed an orb of fire
 75921 | Zot:5    | Noticed an orb of fire
 75935 | Zot:5    | Killed an orb of fire
 75945 | Zot:5    | Noticed an orb of fire
 75948 | Zot:5    | Gained mutation: You are occasionally teleported next to monsters. [an orb of fire]
 75950 | Zot:5    | Gained mutation: Armour fits poorly on your strangely shaped body. [an orb of fire]
 75982 | Zot:5    | Killed an orb of fire
 75997 | Zot:5    | Lost mutation: You have a pair of small antennae on your head. [potion of mutation]
 75997 | Zot:5    | Lost mutation: Armour fits poorly on your strangely shaped body. [potion of mutation]
 75997 | Zot:5    | Lost mutation: You are somewhat resistant to further mutation. [potion of mutation]
 75997 | Zot:5    | Lost mutation: Your spells are a little harder to cast, but a little more powerful. [potion of mutation]
 75997 | Zot:5    | Lost mutation: You have large cloven feet. [potion of mutation]
 75997 | Zot:5    | Lost mutation: You occasionally shout uncontrollably at your foes. [potion of mutation]
 75997 | Zot:5    | Gained mutation: You are robust. (+10% HP) [potion of mutation]
 75997 | Zot:5    | Gained mutation: You are resistant to electric shocks. (rElec) [potion of mutation]
 75997 | Zot:5    | Gained mutation: Your spells are a little harder to cast, but a little more powerful. [potion of mutation]
 76326 | Zot:5    | Noticed an orb of fire
 76333 | Zot:5    | Lost mutation: Your muscles are strong. (Str +2) [an orb of fire]
 76338 | Zot:5    | Killed an orb of fire
 76481 | Zot:5    | Got the Orb of Zot
 76646 | Zot:5    | Noticed Ricluhov the pandemonium lord
 77053 | D:12     | Noticed Wamykh the pandemonium lord
 77421 | D:$      | Escaped with the Orb!

Skill      XL: |  1  2  3  4  5  6  7  8  9 10 11 12 13 14 15 16 17 18 19 20 21 22 23 24 25 26 27 |
---------------+----------------------------------------------------------------------------------+-----
Fighting       | 3 4 5 6 7 8 13 15 17 18 19 20 25 | 25.0
Dodging        | 2 3 4 5 7 9 13 16 18 23 | 23.0
Evocations     | 1 3 4 10 12 | 12.0
Polearms       | 4 10 12 13 16 17 19 | 19.0
Invocations    | 6 8 10 13 16 17 18 22 | 22.0
Spellcasting   | 2 7 9 10 | 10.0
Conjurations   | 2 3 |  3.4
Transmutations | 4 8 10 11 13 | 13.0
Earth Magic    | 4 8 10 12 | 12.0
Armour         | 5 6 9 10 14 15 | 15.0
Air Magic      | 2 |  2.0
Long Blades    | |  0.1
Throwing       | |  4.2
Stealth        | |  0.6
Shields        | |  0.6

Action                   |  1- 3 |  4- 6 |  7- 9 | 10-12 | 13-15 | 16-18 | 19-21 | 22-24 | 25-27 || total
-------------------------+-------+-------+-------+-------+-------+-------+-------+-------+-------++-------
Melee: Short sword       |   147 |       |       |       |       |       |       |       |       ||   147
       Falchion          |       |   114 |   365 |       |       |       |       |       |       ||   479
       Spear             |       |       |    37 |   552 |  1794 |   371 |       |       |       ||  2754
       Halberd           |       |       |       |       |    59 |   838 |       |   640 |       ||  1537
       Glaive            |       |       |       |       |       |   120 |  1221 |   681 |  2083 ||  4105
       Kick              |       |       |       |       |       |       |       |   275 |   784 ||  1059
Throw: Tomahawk          |    19 |    46 |    81 |    44 |    99 |    34 |       |       |       ||   323
       Large rock        |     2 |     4 |     4 |     6 |       |    48 |    59 |    64 |    69 ||   256
       Throwing net      |     1 |     1 |     1 |       |       |       |       |       |       ||     3
       Stone             |       |     6 |       |       |       |       |       |       |       ||     6
 Cast: Conjure Flame     |       |       |       |       |    61 |    26 |     5 |       |       ||    92
       Statue Form       |       |       |       |       |     2 |    43 |    44 |    66 |    55 ||   210
       Ozocubu's Armour  |       |       |       |       |     2 |     3 |       |       |       ||     5
       Swiftness         |       |       |       |       |       |       |     1 |     1 |     9 ||    11
Invok: Upheaval          |       |       |       |     4 |    16 |    19 |    24 |    14 |    17 ||    94
       Elemental Force   |       |       |       |       |     2 |     2 |       |       |     2 ||     6
       Disaster Area     |       |       |       |       |     2 |     3 |     1 |     2 |    10 ||    18
 Abil: Evoke Blink       |       |       |       |       |     8 |     2 |       |       |    19 ||    29
       Evoke Berserk Rag |       |       |       |       |       |     1 |     6 |     1 |       ||     8
       Evoke Flight      |       |       |       |       |       |       |     2 |       |       ||     2
       End Transformatio |       |       |       |       |       |       |       |     5 |     7 ||    12
Evoke: Wand              |       |     3 |     2 |     4 |     3 |     3 |     5 |     7 |    31 ||    58
       Phial of floods   |       |       |       |     1 |     3 |     3 |     3 |       |       ||    10
       Lamp of fire      |       |       |       |       |     3 |       |     3 |     4 |     2 ||    12
       Phantom mirror    |       |       |       |       |       |       |     2 |       |       ||     2
       Fan of gales      |       |       |       |       |       |       |     1 |       |       ||     1
       Lightning rod     |       |       |       |       |       |       |       |       |     4 ||     4
       Box of beasts     |       |       |       |       |       |       |       |       |     1 ||     1
  Use: Scroll            |     3 |     7 |    12 |     7 |    19 |    22 |    10 |    17 |    18 ||   115
       Potion            |     2 |       |     6 |       |     7 |    19 |     5 |     7 |    30 ||    76
 Stab: Sleeping          |       |     4 |       |       |       |       |       |       |       ||     4
       Distracted        |       |     1 |       |       |       |       |     1 |     3 |       ||     5
       Petrified         |       |       |       |       |     3 |       |       |       |       ||     3
       Petrifying        |       |       |       |       |     1 |       |       |       |       ||     1
       Invisible         |       |       |       |       |       |       |       |     1 |       ||     1
  Eat: Chunk             |     3 |     7 |    10 |    24 |    63 |    65 |    62 |    48 |    30 ||   312
       Royal jelly       |       |       |     2 |       |       |       |       |       |       ||     2
       Bread ration      |       |       |     2 |       |       |       |       |       |       ||     2
       Fruit             |       |       |     1 |       |     4 |     3 |       |    26 |    11 ||    45
       Meat ration       |       |       |       |       |       |       |       |     1 |     6 ||     7
Armor: Robe              |    40 |    32 |   112 |    41 |    54 |       |       |       |       ||   279
       Acid dragon scale |       |       |       |       |    31 |    83 |   182 |   113 |   235 ||   644
       Skin              |       |       |       |       |    13 |   341 |   333 |   507 |   571 ||  1765
       Steam dragon scal |       |       |       |       |       |    59 |       |       |       ||    59
Dodge: Dodged            |    78 |    82 |   329 |   221 |   462 |   788 |   640 |  1030 |  2423 ||  6053
       Deflected         |       |       |       |       |    33 |   147 |   123 |    96 |   110 ||   509
Block: Other             |       |       |       |   109 |   305 |   387 |   402 |   433 |   811 ||  2447
       Rpst.: Falchion   |       |    24 |    77 |       |       |       |       |       |       ||   101
